 Dungeon Crawl Stone Soup version 0.29-a0-824-gd827844252 (webtiles) character file.

Game seed: 18155280569907318197

6572 greenreed the Basher (level 10, -7/89 HPs)
             Began as a Minotaur Fighter on July 11, 2022.
             Was a High Priest of Zin.
             Mangled by a yak (9 damage)
             ... on level 9 of the Dungeon.
             The game lasted 00:29:43 (9975 turns).

greenreed the Basher (Minotaur Fighter)             Turns: 9975, Time: 00:29:43

Health: -7/89      AC: 24    Str: 27    XL:     10   Next: 70%
Magic:  10/12      EV: 14    Int:  7    God:    Zin [*****.]
Gold:   424        SH:  5    Dex: 12    Spells: 9/9 levels left

rFire   . . .      SeeInvis .   a - +0 flail (flame)
rCold   + . .      Faith    +   c - +0 buckler
rNeg    . . .      Spirit   .   F - +0 shadow dragon scales of Zykoryw {Rampage Stlth++++}
rPois   ∞          Reflect  .   (helmet restricted)
rElec   .          Harm     .   T - +2 cloak
rCorr   .          Rampage  +   L - +0 pair of gloves
Will    .....                   G - +2 pair of boots
Stlth   +++.......              x - amulet of faith
HPRegen 0.24/turn               p - ring of protection from cold
MPRegen 0.13/turn               z - +4 ring of evasion

@: vitalised, on recite cooldown
A: horns 2, retaliatory headbutt
a: Renounce Religion, Recite, Vitalisation, Imprison, Sanctuary, Donate Gold


You were on level 9 of the Dungeon.
You worshipped Zin.
Zin was extremely pleased with you.
You visited 2 branches of the dungeon, and saw 11 of its levels.
You also visited: Sewer.

You collected 702 gold pieces.
You spent 231 gold pieces at shops.
You donated 47 gold pieces to Zin.

Inventory:

Hand Weapons
 a - a +0 flail of flaming (weapon)
 v - a +3 whip of freezing
 P - a +2 morningstar of freezing
 U - a +1 whip of distortion
Missiles
 l - 4 javelins
 t - 54 poisoned darts (quivered)
Armour
 b - a +0 scale mail
 c - a +0 buckler (worn)
 E - a +0 kite shield
 F - the +0 shadow dragon scales of Zykoryw (worn) {Rampage Stlth++++}
   (You found it on level 5 of the Dungeon)

   Rampage:   It bestows one free step when moving towards enemies.
   Stlth:     It makes you much more stealthy.
 G - a +2 pair of boots (worn)
 I - an orb of light
 L - a +0 pair of gloves (worn)
 T - a +2 cloak (worn)
Jewellery
 e - an amulet of regeneration
 p - a ring of protection from cold (left hand)
 s - an amulet of magic regeneration
 x - an amulet of faith (around neck)
 z - a +4 ring of evasion (right hand)
 H - an amulet of the acrobat
 N - an amulet of regeneration
 R - a ring of ice
Wands
 d - a wand of iceblast (21)
 B - a wand of charming (17)
 W - a wand of quicksilver (7)
Scrolls
 g - 3 scrolls of teleportation
 k - 3 scrolls of fear
 n - 3 scrolls of magic mapping
 q - 2 scrolls of brand weapon
 u - 2 scrolls of blinking {unknown}
 w - a scroll of acquirement {unknown}
 y - a scroll of fog {unknown}
 D - a scroll of torment {unknown}
 M - 2 scrolls of immolation {unknown}
 O - 2 scrolls of identify
 Q - a scroll of summoning {unknown}
 S - a scroll of poison {unknown}
 V - a scroll of vulnerability {unknown}
 X - 2 scrolls of enchant weapon {unknown}
Potions
 f - 8 potions of heal wounds
 h - a potion of lignification {unknown}
 i - 2 potions of degeneration {unknown}
 j - 2 potions of brilliance
 m - 3 potions of mutation {unknown}
 o - a potion of invisibility {unknown}
 r - 3 potions of curing {unknown}
 A - 2 potions of might
 C - a potion of magic {unknown}
 J - a potion of cancellation {unknown}
 K - 5 potions of flight {unknown}


   Skills:
 + Level 8.3 Fighting
 + Level 11.5 Maces & Flails
 + Level 1.1 Throwing
 + Level 10.2 Armour
 + Level 4.2 Dodging
 + Level 2.6 Stealth
 + Level 6.6 Shields
 * Level 4.9 Invocations


You had 9 spell levels left.
You didn't know any spells.
Your spell library contained the following spells:

 Spells                   Type           Power      Damage    Failure   Level
 Apportation              Tloc           0%         N/A       95%         1
 Freeze                   Ice            0%         1d3       95%         1
 Gell's Gravitas          Tloc           0%         N/A       100%        3
 Ozocubu's Armour         Ice            0%         N/A       100%        3
 Teleport Other           Tloc           0%         N/A       100%        3
 Alistair's Intoxication  Tmut/Pois      0%         N/A       100%        5
 Fireball                 Conj/Fire      0%         3d3       100%        5
 Iskenderun's Battlesphe  Conj           0%         2d6       100%        5
 Conjure Ball Lightning   Conj/Air       0%         3x3d6     100%        6
 Dispersal                Tloc           0%         N/A       100%        6
 Orb of Destruction       Conj           0%         9d5       100%        7
 Ozocubu's Refrigeration  Ice            0%         4d5       100%        7


Dungeon Overview and Level Annotations

Branches:
Dungeon (10/15)            Temple (1/1) D:5            Lair (0/6) D:10
    Orc (0/2) D:9           Sewer (visited)

Altars:
Ashenzari
Cheibriados
Dithmenos
Elyvilon
Fedhas
Gozag
Hepliaklqana
Kikubaaqudgha
Makhleb
Nemelex Xobeh
Okawaru
Qazlal
Ru
Sif Muna
Trog
Uskayaw
Vehumet
Xom
Yredelemnul
Zin
The Shining One

Shops:
D:2 *

Annotations:
D:4 2 transporters
D:6 1 runed translucent door, lesaewzxc's ghost, novice MiMo


Innate Abilities, Weirdness & Mutations

You have a pair of horns on your head.
You reflexively headbutt those who attack you in melee.


Message History

The shadow hits you. The yak gores you! The yak gores you.
The yak gores you but does no damage. The death yak misses you.
You furiously retaliate!
You headbutt the death yak, but do no damage.
You hit the death yak but do no damage. You headbutt the death yak.
The death yak is lightly wounded. "...and again, and again!"
You finish reciting Apostates 14:62.
The shadow hits you. The yak barely misses you. You furiously retaliate!
You headbutt the yak, but do no damage.
The yak gores you but does no damage. x2
The death yak gores you!
You hit the death yak but do no damage. You headbutt the death yak.
The death yak is lightly wounded.
The shadow hits you. The yak misses you. The yak gores you.
* * * LOW HITPOINT WARNING * * *
The yak gores you but does no damage. The death yak misses you.
You furiously retaliate!
You headbutt the death yak, but do no damage.
You thump the death yak! You burn the death yak.
The death yak is moderately wounded.
The shadow barely misses you. You furiously retaliate!
You headbutt the shadow. The yak gores you!
* * * LOW HITPOINT WARNING * * *
The yak completely misses you. The yak barely misses you.
The death yak gores you.
* * * LOW HITPOINT WARNING * * *
You hit the death yak. You burn the death yak.
The death yak is moderately wounded.
You block the shadow's attack. The yak gores you!
* * * LOW HITPOINT WARNING * * *
The yak misses you. x2; You furiously retaliate!
You headbutt the yak, but do no damage.
The death yak gores you but does no damage.
You hit the death yak. You burn the death yak.
The death yak is heavily wounded.
The shadow hits you.
You thump the death yak! You burn the death yak.
The death yak is heavily wounded.
The yak gores you!
You die...

###..####..##......#### #......
#.##....#....#####...######.####
##.##[...#.....###........##..#
...##...........#.........###.###
##.##......................##.#..
##.##[..#........................
##.###.##........................
....##.##.....................#..
##......#......W@Y............#..
###.##.........YYY............###
.##.##..........Y...........#....
....##.##.####################...
##.....###.######.##...####.##.##
#......# #..#..###.#....##..##.##
.......###...#####..###.####.....
.......##...#..#.....#.#....####.
.......####..##.##.##..####### #.


You could see a death yak, 4 yaks and a shadow.

Vanquished Creatures
  A death yak (D:9)
  A cyclops (D:8)
  An efreet (D:8)
  A troll (D:9)
  Sigmund (D:3)
  6 yaks (D:9)
  3 ice beasts
  2 water moccasins
  3 sky beasts
  A black bear (D:8)
  An ogre (D:9)
  3 orc warriors (D:9)
  A phantom (D:6)
  6 kobold brigands
  2 bullfrogs (D:8)
  A gnoll sergeant (D:6)
  3 scorpions
  A necrophage (D:6)
  9 wights
  3 killer bees (D:9)
  5 howler monkeys
  An electric eel (D:9)
  A crimson imp (D:4)
  4 hounds
  7 orc priests
  2 gnoll boudas (D:8)
  Ijyb (D:3)
  3 iguanas
  10 orc wizards
  Robin (D:2)
  13 gnolls
  14 adders
  A river rat (Sewer)
  2 white imps
  2 ufetubi
  5 worms
  3 dart slugs
  25 orcs
  14 endoplasms
  10 giant cockroaches
  13 goblins
  9 hobgoblins
  6 quokkas
  12 ball pythons
  3 bats
  4 frilled lizards
  22 kobolds
  13 rats
256 creatures vanquished.

Vanquished Creatures (others)
  An orc wizard (D:9)
  13 plants
14 creatures vanquished.

Grand Total: 270 creatures vanquished

Notes
Turn   | Place    | Note
-------+----------+-------------------------------------------
     0 | D:1      | greenreed the Minotaur Fighter began the quest for the Orb.
     0 | D:1      | Reached XP level 1. HP: 19/19 MP: 0/0
   373 | D:1      | Reached XP level 2. HP: 27/27 MP: 1/1
   522 | D:1      | Reached skill level 3 in Maces & Flails
   719 | D:1      | Reached XP level 3. HP: 31/33 MP: 2/2
  1201 | D:2      | Noticed Robin
  1471 | D:2      | Reached skill level 1 in Dodging
  1510 | D:2      | Reached XP level 4. HP: 34/40 MP: 3/3
  1613 | D:2      | Killed Robin
  1835 | D:2      | Found Kiffylir's Assorted Antiques.
  1845 | D:2      | Bought 3 scrolls labelled VOIRANG JETWUE for 66 gold pieces
  2235 | D:3      | Found a glowing drain.
  2256 | Sewer    | Entered a sewer
  2311 | Sewer    | Reached skill level 4 in Maces & Flails
  2311 | Sewer    | Reached XP level 5. HP: 46/46 MP: 4/4
  2359 | Sewer    | Reached skill level 5 in Armour
  2455 | Sewer    | Reached skill level 5 in Maces & Flails
  2455 | Sewer    | Reached XP level 6. HP: 45/53 MP: 5/5
  3124 | D:3      | Noticed Sigmund
  3133 | D:3      | Killed Sigmund
  3134 | D:3      | Reached skill level 6 in Maces & Flails
  3134 | D:3      | Reached XP level 7. HP: 51/60 MP: 6/6
  3224 | D:3      | Noticed Ijyb
  3234 | D:3      | Killed Ijyb
  3615 | D:3      | Found a faded altar of an unknown god.
  3629 | D:3      | Reached skill level 5 in Fighting
  4412 | D:4      | Found a transporter.
  4429 | D:4      | Reached skill level 5 in Shields
  4486 | D:4      | Found a transporter.
  4573 | D:4      | Reached skill level 7 in Maces & Flails
  4921 | D:4      | Found a radiant altar of Vehumet.
  5169 | D:5      | Entered Level 5 of the Dungeon
  5176 | D:5      | Reached XP level 8. HP: 67/69 MP: 7/7
  5381 | D:5      | You fall into a shaft and drop 1 floor!
  5456 | D:6      | Reached skill level 8 in Maces & Flails
  5714 | D:5      | Reached skill level 1 in Stealth
  5749 | D:5      | Got Vararovo's Meditations on the Chill
  5776 | D:5      | Identified the +0 shadow dragon scales of Zykoryw {Rampage
                  | Stlth++++}
  5877 | D:2      | Bought a pair of embroidered boots for 165 gold pieces
  5983 | D:5      | Found a staircase to the Ecumenical Temple.
  6001 | Temple   | Entered the Ecumenical Temple
  6001 | Temple   | Found a transporter.
  6001 | Temple   | Found a transporter.
  6003 | Temple   | Found a transporter.
  6003 | Temple   | Found a transporter.
  6083 | Temple   | Became a worshipper of Zin the Law-Giver
  6267 | D:6      | Reached * piety under Zin
  6380 | D:6      | Noticed lesaewzxc's ghost (novice MiMo)
  6383 | D:6      | Found a runed translucent door.
  6467 | D:6      | Found a snail-covered altar of Cheibriados.
  6773 | D:6      | Reached XP level 9. HP: 78/78 MP: 8/8
  6776 | D:6      | Reached ** piety under Zin
  6780 | D:6      | Found a hazy altar of Hepliaklqana.
  7074 | D:7      | Reached skill level 9 in Maces & Flails
  7109 | D:7      | Reached skill level 1 in Invocations
  7158 | D:7      | Reached *** piety under Zin
  7605 | D:8      | Noticed a cyclops
  8006 | D:8      | Noticed an efreet
  8025 | D:8      | Killed an efreet
  8329 | D:8      | Reached skill level 10 in Maces & Flails
  8340 | D:8      | Reached **** piety under Zin
  8389 | D:8      | Killed a cyclops
  8391 | D:8      | Reached XP level 10. HP: 64/86 MP: 11/11
  8810 | D:9      | Reached skill level 1 in Throwing
  8819 | D:9      | Reached ***** piety under Zin
  9023 | D:9      | Found a glowing golden altar of the Shining One.
  9110 | D:9      | Reached skill level 11 in Maces & Flails
  9427 | D:9      | Found a staircase to the Orcish Mines.
  9751 | D:10     | Entered Level 10 of the Dungeon
  9751 | D:10     | Noticed a two-headed ogre
  9772 | D:10     | Noticed a death yak
  9772 | D:10     | Noticed a death yak
  9772 | D:10     | Found a staircase to the Lair.
  9776 | D:10     | Noticed a death yak
  9790 | D:9      | Killed a death yak
  9791 | D:9      | Reached skill level 10 in Armour
  9973 | D:9      | HP: 2/89 [yak (11)]
  9975 | D:9      | Mangled by a yak

Illustrated notes

Levels and vault maps discovered:
D:1:      minmay_arrival_semitransparent, layout_basic, serial_glass,
          glass_columns_a, glass_columns_b
D:2:      layout_rooms, serial_shops, shop_statue, lexackson_kobold_supper,
          uniq_robin
D:3:      layout_basic, shapermc_ecumenical_altar_pompeii, gup_sewer_entry_pipe,
          st_stairs_10, nrook_loot_triangle, minmay_misc_feat_x, uniq_ijyb,
          uniq_sigmund
D:4:      gammafunk_steamed_eel, layout_rooms, nicolae_vehumet_radiance,
          minmay_misc_feat_four_crosses, minmay_fire_ice_demons
D:5:      layout_gridville, minmay_temple_entry_antechambers,
          hangedman_decor_push
D:6:      layout_loops_ring, overflow_temple_1_default, kennysheep_mini,
          hellmonk_ghost_happy_afterlife
D:7:      layout_rooms
D:8:      hangedman_cross_stitches, layout_rooms
D:9:      layout_rooms, lemuel_doored_altar, erik_orc_3, serial_bayou_lagoon_a
D:10:     layout_irregular_city, nicolae_overflow_crystal_walls,
          dpeg_lair_monsters
Temple:   hellmonk_temple_divided_pantheon

Skill      XL: |  1  2  3  4  5  6  7  8  9 10 |
---------------+-------------------------------+-----
Armour         | 4 5 6 8 9 10 | 10.2
Shields        | 4 5 6 |  6.6
Maces & Flails | 3 4 5 6 7 8 10 11 | 11.5
Dodging        | 1 2 3 4 |  4.2
Fighting       | 4 5 6 7 8 |  8.3
Stealth        | 1 2 |  2.6
Invocations    | 3 4 |  4.9
Throwing       | 1 |  1.1

Action                   |  1- 3 |  4- 6 |  7- 9 | 10-12 || total
-------------------------+-------+-------+-------+-------++-------
Melee: Flail             |   104 |   154 |   308 |   165 ||   731
       Headbutt          |    10 |    20 |    47 |    31 ||   108
       Whip              |       |       |    14 |       ||    14
Throw: Dart              |       |       |     5 |       ||     5
Invok: Recite            |       |       |     5 |     1 ||     6
       Vitalisation      |       |       |     1 |     1 ||     2
  Use: Scroll            |       |     6 |     3 |       ||     9
       Potion            |       |     1 |       |       ||     1
 Stab: Sleeping          |       |       |     3 |       ||     3
       Confused          |       |       |     1 |       ||     1
Armor: Scale mail        |    73 |    49 |    48 |       ||   170
       Shadow dragon sca |       |       |    62 |    96 ||   158
Dodge: Dodged            |    58 |    56 |   153 |    95 ||   362
Block: Buckler           |    26 |    25 |    56 |    31 ||   138

Table legend: (Time is in decaauts)
 A = Elapsed time spent in this place.
 B = Non-inter-level travel time spent in this place.
 C = Inter-level travel time spent in this place.
 D = Time resting spent in this place.
 E = Time spent auto-exploring this place.
 F = Levels seen in this place.
 G = Mean time per level.
                   A        B        C        D        E       F      G
               +--------+--------+--------+--------+--------+-----+--------+
         Total |  10189 |   9848 |    341 |    817 |   6958 |  12 |  849.1 |
       Dungeon |   9239 |   8915 |    324 |    817 |   6348 |  10 |  923.9 |
        Temple |     93 |     76 |     17 |      0 |      0 |   1 |   93.0 |
         Sewer |    855 |    855 |      0 |      0 |    609 |   1 |  855.0 |
               +--------+--------+--------+--------+--------+-----+--------+

Top non-repeatable levels by time:
     D:4: 1247 daAuts
     D:3: 1201 daAuts
     D:9: 1185 daAuts
     D:1: 1155 daAuts
     D:2: 1029 daAuts
     D:6: 990 daAuts
     D:8: 980 daAuts
     D:7: 875 daAuts
   Sewer: 855 daAuts
     D:5: 566 daAuts
  Temple: 93 daAuts
    D:10: 8 daAuts
